 Dungeon Crawl Stone Soup version 0.19.1-1-g22dce08 (webtiles) character file.

40 theAP the Grave Robber (level 3, -1/24 HPs)
             Began as a Demonspawn Necromancer on Dec 31, 2016.
             Slain by an adder (2 damage)
             ... on level 1 of the Dungeon.
             The game lasted 00:03:40 (1272 turns).

theAP the Grave Robber (Demonspawn Necromancer)     Turns: 1272, Time: 00:03:41

Health: -1/24      AC:  2    Str:  5 (8)  XL:     3   Next: 30%
Magic:  3/6        EV: 12    Int: 15 (17) God:
Gold:   55         SH:  0    Dex: 11 (13) Spells: 1 memorised, 6 levels left

rFire  . . .     SeeInvis .     l - +0 whip
rCold  . . .     Gourm    .     a - +0 robe
rNeg   . . .     Faith    .     (no shield)
rPois  .         Spirit   .     (no helmet)
rElec  .         Reflect  .     (no cloak)
rCorr  .         Harm     .     (no gloves)
MR     .....                    (no boots)
Stlth  ++........               (no amulet)
                                (no ring)
                                (no ring)

@: lethally poisoned (-1 -> -9), very slightly contaminated
A: claws 1
a: no special abilities


You were on level 1 of the Dungeon.
You were hungry.

You visited 1 branch of the dungeon, and saw 2 of its levels.

You collected 55 gold pieces.

Inventory:

Hand Weapons
 l - a +0 whip (weapon)
Armour
 a - a +0 robe (worn)
Scrolls
 d - a scroll of noise {unknown}
 e - a scroll of teleportation {unknown}
 f - 2 scrolls of immolation {unknown}
 h - a scroll of identify {unknown}
 i - a scroll of enchant armour {unknown}
Potions
 k - a potion of haste {unknown}
 m - a potion of magic {unknown}
 n - a potion of heal wounds {unknown}
Books
 b - a book of Necromancy

   Spells                             Type                      Level
   a - Pain                           Necromancy                   1
   b - Animate Skeleton               Necromancy                   1
   c - Vampiric Draining              Necromancy                   3
   d - Regeneration                   Charms/Necromancy            3
   e - Animate Dead                   Necromancy                   4
   f - Control Undead                 Necromancy                   4
Comestibles
 c - a bread ration
 j - a meat ration


   Skills:
 + Level 2.0 Dodging
 + Level 2.0 Stealth
 + Level 0.3 Unarmed Combat
 + Level 2.6 Spellcasting
 + Level 4.9 Necromancy


You had 6 spell levels left.
You knew the following spells:

 Your Spells              Type           Power        Failure   Level  Hunger
a - Pain                  Necr           ###.         2%          1    #......


Dungeon Overview and Level Annotations

Branches:
Dungeon (2/15)

Altars:


Innate Abilities, Weirdness & Mutations

You have sharp fingernails.


Message History

Press: ? - help, Shift-Dir - straight line, f - adder
Aim: an adder (moderately wounded, chance to defeat MR: 84%)
The adder writhes in agony!
The adder bites you.
* * * LOW HITPOINT WARNING * * *
You are lethally poisoned!
The adder poisons you!
* * * LOW HITPOINT WARNING * * *
You feel sick. The adder bites you.
* * * LOW HITPOINT WARNING * * *
You are more poisoned.
The adder poisons you!
You climb upwards.
* * * LOW HITPOINT WARNING * * *
You feel sick.
There is a stone staircase leading down here.
It was a potion of degeneration.
There was something very wrong with that liquid.
You feel weakened.
You feel dopey.
You feel clumsy. The adder bites you.
You die...

.###..####.....#..........#.#.###
...................##.#.#.#......
.......###.....#...##............
.......# #..............#.#...###
.......# ##....#...##...#.#...#
.......####....#...##...#.#...###
........................#......).
####..######.....####)..#.#...###
.#....#####....S@.......#.#...#
.........................##'###
.#.............#........##8.8##
.##.#.###.###..........##.....###
.##.#.# #.# ##........##8.....8##
.##.#.# #.# #.#.#.#.##.........#
.##.#.# #.####.#.#.#.#8.........8
.##.#.# #............'...........
.##.#(# #.####.....#.#8.........8


You could see an adder.

Vanquished Creatures
  An adder (D:2)
  2 dart slugs (D:1)
  A leopard gecko (D:1)
  2 bats (D:1)
  2 giant cockroaches (D:1)
  3 hobgoblins (D:1)
  5 kobolds (D:1)
  A quokka (D:1)
  A ball python (D:1)
  10 rats (D:1)
28 creatures vanquished.

Notes
Turn   | Place    | Note
-------+----------+-------------------------------------------
     0 | D:1      | theAP the Demonspawn Necromancer began the quest for the Orb.
     0 | D:1      | Reached XP level 1. HP: 13/13 MP: 3/3
   347 | D:1      | Gained mutation: You have sharp fingernails. [demonic ancestry]
   347 | D:1      | Reached XP level 2. HP: 12/19 MP: 3/5
   814 | D:1      | Reached XP level 3. HP: 15/24 MP: 1/6
  1270 | D:2      | HP: 1/24 [adder (1)]
  1272 | D:1      | Slain by an adder

Skill      XL: |  1  2 |
---------------+-------+-----
Dodging        | 2 |  2.0
Stealth        | 2 |  2.0
Unarmed Combat | |  0.3
Spellcasting   | |  2.6
Necromancy     | |  4.9

Action                   || total
-------------------------++-------
Melee: Unarmed           ||    29
       Whip              ||     5
 Cast: Pain              ||    33
  Use: Potion            ||     1
 Stab: Sleeping          ||     2
  Eat: Chunk             ||     1
Armor: Robe              ||     7
Dodge: Dodged            ||    18
